[Event "ICC tourney 2782 (30 10)"]
[Site "Internet Chess Club"]
[Date "2022.01.02"]
[Round "5"]
[White "KUMBHARATHI, VEDANSH:vedansh98"]
[Black "ZHENG, CARSON:Carsonultra22"]
[Result "1-0"]
[ICCResult "Black checkmated"]
[WhiteElo "730"]
[BlackElo "1039"]
[Opening "two knights defense: Fegatello attack"]
[ECO "C57"]
[NIC "KP.01"]
[Time "20:00:12"]
[PlyCount "137"]
[TimeControl "1800+10"]

1. e4 e5 2. Nf3 Nc6 3. Bc4 Nf6 4. Ng5 d5 5. exd5 Nxd5 6. Nxf7 Qf6 7. Bxd5
Bc5 8. O-O Rf8 9. Nc3 Rxf7 10. Bxf7+ Qxf7 11. Ne4 Bb6 12. c3 Bf5 13. d3
O-O-O 14. Qe2 Qg6 15. Be3 Bxe4 16. dxe4 Qxe4 17. Rad1 Rxd1 18. Rxd1 Ne7 19.
Qd3 Qxd3 20. Rxd3 e4 21. Rd2 Bxe3 22. fxe3 Nf5 23. Kf2 c5 24. Rd5 Ne7 25.
Rxc5+ Kd7 26. Re5 Nc6 27. Rxe4 h6 28. Rd4+ Nxd4 29. exd4 Kc6 30. c4 b5 31.
cxb5+ Kxb5 32. Ke3 Kc4 33. Ke4 Kb5 34. Ke5 Kc6 35. d5+ Kc7 36. d6+ Kd7 37.
Kd5 g5 38. a4 a5 39. g3 h5 40. h4 gxh4 41. gxh4 Kd8 42. Kc6 Kc8 43. Kb5 Kd7
44. Kxa5 Kxd6 45. Kb6 Kd7 46. Kb7 Kd6 47. a5 Ke5 48. a6 Kf4 49. a7 Kg4 50.
a8=Q Kxh4 51. Ka6 Kg3 52. b4 h4 53. b5 h3 54. b6 h2 55. Qh8 Kg2 56. Qxh2+
Kxh2 57. b7 Kg3 58. b8=Q+ Kf3 59. Qe5 Kf2 60. Kb5 Kf3 61. Kc4 Kf2 62. Qe4
Kf1 63. Qe3 Kg2 64. Qf4 Kh3 65. Qg5 Kh2 66. Kd4 Kh1 67. Ke3 Kh2 68. Kf3 Kh1
69. Qg2# {Black checkmated} 1-0

[Event "ICC tourney 2782 (30 10)"]
[Site "Internet Chess Club"]
[Date "2022.01.02"]
[Round "5"]
[White "Bi, Lige:Bilige1103"]
[Black "DU, LEON:ldchessicc"]
[Result "1-0"]
[ICCResult "Black checkmated"]
[WhiteElo "1222"]
[BlackElo "470"]
[Opening "QGD Slav: 4.Nc3"]
[ECO "D15"]
[NIC "SL.03"]
[Time "20:00:08"]
[PlyCount "119"]
[TimeControl "1800+10"]

1. d4 d5 2. c4 c6 3. Nf3 Nf6 4. Nc3 Bf5 5. Qb3 Qc8 6. cxd5 cxd5 7. Nxd5 Nxd5
8. Qxd5 e6 9. Qb5+ Nc6 10. e3 Be7 11. Bd3 a6 12. Qb3 Na5 13. Qa4+ Nc6 14.
Bxf5 exf5 15. O-O O-O 16. Bd2 Bf6 17. Qc2 g6 18. Qd3 Qd7 19. Rac1 Rad8 20.
Qe2 Rfe8 21. Rfd1 Bxd4 22. Bc3 Qd5 23. Bxd4 Nxd4 24. Nxd4 Qe5 25. Nf3 Rxd1+
26. Rxd1 Qf6 27. b3 f4 28. Qd3 fxe3 29. fxe3 Qb6 30. Kf2 h5 31. Re1 Qc5 32.
Qc4 Qb6 33. Ng5 Qf6+ 34. Nf3 g5 35. Qd4 Qf5 36. Kg1 g4 37. Nh4 Qg5 38. g3 b5
39. Qf4 Qc5 40. Rf1 Re7 41. Nf5 Re6 42. Nh6+ Rxh6 43. Qxh6 a5 44. Qf4 Qd5
45. e4 Qd4+ 46. Kh1 Qg7 47. Qf6 Qh7 48. Rf5 a4 49. Rg5+ Qg6 50. Rxg6+ fxg6
51. Qxg6+ Kf8 52. Qh7 Ke8 53. Kg2 Kd8 54. Kf2 axb3 55. axb3 b4 56. Ke3 Ke8
57. Kf4 Kf8 58. Kf5 Ke8 59. Ke6 Kd8 60. Qd7# {Black checkmated} 1-0

[Event "ICC tourney 2782 (30 10)"]
[Site "Internet Chess Club"]
[Date "2022.01.02"]
[Round "5"]
[White "RAMANATHAN, VARUN:Grasshopper411"]
[Black "KONG, RYAN D:NeuralNetworkQS"]
[Result "1-0"]
[ICCResult "Black checkmated"]
[WhiteElo "1068"]
[BlackElo "1013"]
[Opening "Vienna game, Max Lange defense"]
[ECO "C25"]
[NIC "VG.04"]
[Time "20:00:15"]
[PlyCount "63"]
[TimeControl "1800+10"]

1. e4 e5 2. Nc3 Nc6 3. Bc4 Bc5 4. Qg4 Qf6 5. Nd5 Qxf2+ 6. Kd1 d6 7. Qxg7 Kd8
8. Qxh8 Bg4+ 9. Ne2 Nd4 10. Qxg8+ Kd7 11. Qxg4+ Ne6 12. Ng3 c6 13. Rf1 Qxg2
14. Nf6+ Kc7 15. Bxe6 Bf2 16. Qe2 Qxh2 17. Qxf2 Qh4 18. Bxf7 Rf8 19. Ne8+
Kd8 20. Nxd6 Qg4+ 21. Ke1 Qd7 22. Qf6+ Kc7 23. Qxe5 Kd8 24. d3 Qe7 25. Bg5
Qxg5 26. Qxg5+ Kd7 27. e5 Rxf7 28. Rxf7+ Ke6 29. Qg4+ Kxe5 30. Qf5+ Kd4 31.
c3+ Ke3 32. Nc4# {Black checkmated} 1-0

[Event "ICC tourney 2782 (30 10)"]
[Site "Internet Chess Club"]
[Date "2022.01.02"]
[Round "5"]
[White "WU, DARREN:chessboy111"]
[Black "LAVALLEE, ETHAN:FixedTooth"]
[Result "1-0"]
[ICCResult "Black checkmated"]
[WhiteElo "724"]
[BlackElo "497"]
[Opening "Scotch opening"]
[ECO "C44"]
[NIC "KP.10"]
[Time "20:00:20"]
[PlyCount "111"]
[TimeControl "1800+10"]

1. e4 e5 2. Nf3 Nc6 3. d4 Bd6 4. d5 Nd4 5. Nxd4 exd4 6. Qxd4 Nf6 7. e5 Bb4+
8. Qxb4 Nxd5 9. Qe4 c6 10. Bc4 Nb4 11. Qe2 O-O 12. a3 Nd5 13. Bxd5 cxd5 14.
O-O Re8 15. Re1 d6 16. Qd3 Rxe5 17. Rxe5 dxe5 18. Be3 Qa5 19. Bd2 Qb6 20.
Qxd5 Be6 21. Qxe5 h6 22. b4 Rd8 23. Qf4 Re8 24. Be3 Qd8 25. Nc3 g5 26. Qf3
g4 27. Qxb7 Re7 28. Qb5 Bd7 29. Qh5 Re6 30. Qxg4+ Rg6 31. Qd4 Rg4 32. Qxa7
Qf6 33. Qxd7 Qxc3 34. Qxg4+ Kh7 35. Qe4+ Kg8 36. Qe8+ Kg7 37. Rd1 h5 38.
Bd4+ Qxd4 39. Rxd4 Kg6 40. Qg8+ Kf6 41. Rf4+ Ke7 42. Qxf7+ Kd6 43. Rf6+ Ke5
44. Qe6+ Kd4 45. Rf4+ Kc3 46. Qc6+ Kb2 47. Qf6+ Kxa3 48. Rf3+ Ka4 49. Qa6+
Kxb4 50. Rb3+ Kc5 51. Qc8+ Kd6 52. Rd3+ Ke7 53. Rd7+ Ke6 54. Qc6+ Ke5 55.
Rd5+ Ke4 56. Qc4# {Black checkmated} 1-0

[Event "ICC tourney 2782 (30 10)"]
[Site "Internet Chess Club"]
[Date "2022.01.02"]
[Round "5"]
[White "SHANKAR, NEAL:NealShankar4"]
[Black "BYSIEK, JULIANA RENEE:JulianaRenee"]
[Result "1-0"]
[ICCResult "Black checkmated"]
[WhiteElo "1031"]
[BlackElo "790"]
[Opening "Scotch gambit"]
[ECO "C44"]
[NIC "SO.06"]
[Time "20:01:03"]
[PlyCount "109"]
[TimeControl "1800+10"]

1. e4 e5 2. Nf3 Nc6 3. d4 exd4 4. Bc4 Bc5 5. c3 dxc3 6. Bxf7+ Kxf7 7. Qd5+
Ke8 8. Qh5+ g6 9. Qxc5 d6 10. Qxc3 Nf6 11. Bg5 Rf8 12. Nbd2 Bg4 13. O-O Qe7
14. Rfe1 Be6 15. Nd4 Nxd4 16. Qxd4 a6 17. f4 Rd8 18. Qb4 Rb8 19. e5 dxe5 20.
Qxe7+ Kxe7 21. fxe5 Rbd8 22. Bxf6+ Kf7 23. Bxd8 Rxd8 24. Rf1+ Ke7 25. Ne4
Bd5 26. Nc5 b6 27. Nxa6 Bc4 28. Nxc7 Bxf1 29. Kxf1 Rc8 30. Nd5+ Ke6 31. Nxb6
Rb8 32. Nc4 Kd5 33. b3 Rf8+ 34. Ke2 Rf4 35. a4 Re4+ 36. Kf3 Rd4 37. Re1 Rd3+
38. Re3 Rxe3+ 39. Kxe3 Ke6 40. b4 Kd7 41. Kd4 h5 42. Kd5 g5 43. e6+ Ke7 44.
b5 Kd8 45. a5 Kc7 46. b6+ Kb7 47. e7 Ka6 48. e8=Q h4 49. Qa8+ Kb5 50. Qc6+
Kb4 51. Qc5+ Kc3 52. Ne5+ Kb3 53. b7 Ka4 54. b8=Q g4 55. Qbb4#
{Black checkmated}
1-0

[Event "ICC tourney 2782 (30 10)"]
[Site "Internet Chess Club"]
[Date "2022.01.02"]
[Round "5"]
[White "Chen, Angelique Lee:oklahoo"]
[Black "DING, OLIVIA:antpower0"]
[Result "1-0"]
[ICCResult "Black checkmated"]
[WhiteElo "880"]
[BlackElo "645"]
[Opening "Sicilian: closed"]
[ECO "B23"]
[NIC "SI.44"]
[Time "20:00:05"]
[PlyCount "81"]
[TimeControl "1800+10"]

1. e4 c5 2. Nc3 d6 3. Nf3 Nf6 4. Bc4 g6 5. d3 Bg7 6. O-O O-O 7. h3 Nc6 8.
Be3 e6 9. Qd2 d5 10. exd5 exd5 11. Bb3 c4 12. dxc4 dxc4 13. Qxd8 Rxd8 14.
Bxc4 Bf5 15. Bb3 Ne4 16. Nxe4 Bxe4 17. Ng5 Bd5 18. c4 Be6 19. Nxe6 fxe6 20.
c5 Bxb2 21. Bxe6+ Kg7 22. Rab1 Bd4 23. Rxb7+ Kh8 24. Bg5 Rab8 25. Rc7 Be5
26. Re1 Bc3 27. Rxc6 Rf8 28. Rd1 Bf6 29. Bh6 Bg7 30. Bg5 Bf6 31. Bxf6+ Rxf6
32. Rc8+ Rxc8 33. Bxc8 Rf8 34. Bg4 h5 35. Bd7 Rd8 36. c6 Rg8 37. c7 g5 38.
Bf5 Kg7 39. Rd8 Rxd8 40. cxd8=Q Kh6 41. Qf6# {Black checkmated} 1-0

[Event "ICC tourney 2782 (30 10)"]
[Site "Internet Chess Club"]
[Date "2022.01.02"]
[Round "5"]
[White "QIAO, RICHARDSON JINGSI:Richardsonqiao"]
[Black "AI, RUOMING:charmingraven"]
[Result "0-1"]
[ICCResult "White checkmated"]
[WhiteElo "495"]
[BlackElo "1080"]
[Opening "Giuoco Piano"]
[ECO "C54"]
[NIC "IG.02"]
[Time "20:00:16"]
[PlyCount "56"]
[TimeControl "1800+10"]

1. e4 e5 2. Nf3 Nc6 3. Bc4 Bc5 4. c3 Nf6 5. d3 d6 6. h3 h6 7. O-O Be6 8.
Bxe6 fxe6 9. Re1 O-O 10. d4 exd4 11. cxd4 Bb6 12. Nc3 d5 13. e5 Nd7 14. Bd2
Nxd4 15. Nxd4 Bxd4 16. Rf1 Qh4 17. Qe2 Rf7 18. Rad1 Raf8 19. Be3 Bxe5 20.
Nb1 Rf6 21. Na3 Rg6 22. Kh1 Bf4 23. Bxf4 Qxf4 24. g3 Qf5 25. Qc2 Qxh3+ 26.
Kg1 Rg5 27. Qxc7 Rh5 28. g4 Qh1# {White checkmated} 0-1

[Event "ICC tourney 2782 (30 10)"]
[Site "Internet Chess Club"]
[Date "2022.01.02"]
[Round "5"]
[White "Singh, Saharsh:saharshsingh02"]
[Black "PRABHU, VARUN:varunprabhu"]
[Result "0-1"]
[ICCResult "White resigns"]
[WhiteElo "888"]
[BlackElo "864"]
[Opening "Queen's gambit declined"]
[ECO "D30"]
[NIC "QP.08"]
[Time "20:00:15"]
[PlyCount "106"]
[TimeControl "1800+10"]

1. d4 d5 2. c4 e6 3. cxd5 Qxd5 4. Nc3 Qd8 5. Nf3 Nf6 6. e4 Bb4 7. Bg5 Be7 8.
Be2 O-O 9. O-O Nc6 10. Qd2 h6 11. Bh4 Nxe4 12. Bxe7 Nxd2 13. Bxd8 Nxf1 14.
Rxf1 Rxd8 15. Nb5 Rd7 16. Ne5 Nxe5 17. dxe5 c6 18. Nd6 f6 19. f4 fxe5 20.
fxe5 b6 21. Rf3 Bb7 22. Rg3 Rf8 23. Bg4 Re7 24. h4 Ba6 25. Ra3 Rf1+ 26. Kh2
Rf4 27. Kg3 Rxg4+ 28. Kxg4 Be2+ 29. Kf4 Rd7 30. Nc8 Rf7+ 31. Ke3 Bb5 32.
Nxa7 Rf1 33. Nxb5 cxb5 34. Ra6 Re1+ 35. Kd4 Rd1+ 36. Ke4 Re1+ 37. Kf4 Rf1+
38. Ke4 Re1+ 39. Kf4 Rf1+ 40. Kg3 Re1 41. Rxb6 Rxe5 42. Kf4 Re2 43. g4 Rxb2
44. Rxe6 Rxa2 45. Kf5 Rf2+ 46. Kg6 Rf6+ 47. Rxf6 gxf6 48. g5 fxg5 49. hxg5
hxg5 50. Kxg5 b4 51. Kf4 b3 52. Ke4 b2 53. Kd3 b1=Q+ {White resigns} 0-1

[Event "ICC tourney 2782 (30 10)"]
[Site "Internet Chess Club"]
[Date "2022.01.02"]
[Round "5"]
[White "HIBBS, ROBERT:BotanicalKnight"]
[Black "BAPURAM, ATHARV:AtharvRB"]
[Result "0-1"]
[ICCResult "White resigns"]
[WhiteElo "1398"]
[BlackElo "1016"]
[Opening "Sicilian: Grand Prix attack"]
[ECO "B23"]
[NIC "SI.44"]
[Time "20:00:25"]
[PlyCount "73"]
[TimeControl "1800+10"]

1. e4 c5 2. Nc3 Nc6 3. f4 g6 4. Nf3 Bg7 5. d3 d6 6. g3 Nf6 7. Bg2 O-O 8. O-O
e6 9. Rb1 Bd7 10. h3 a6 11. g4 Qc7 12. a3 Ne7 13. Ne2 Bc6 14. Qe1 Rfd8 15.
Qg3 Rac8 16. g5 Nh5 17. Qh4 d5 18. Ng3 Nxg3 19. Qxg3 dxe4 20. dxe4 Bxe4 21.
Ne1 Nf5 22. Qg4 Bd4+ 23. Kh2 Qc6 24. Nd3 Bxg2 25. Qxg2 Qxg2+ 26. Kxg2 c4 27.
Nf2 Bxf2 28. Kxf2 Nd4 29. c3 Nf5 30. Re1 Rc5 31. Be3 Rcd5 32. Re2 Rd3 33.
Rbe1 b5 34. Kg2 Nxe3+ 35. Rxe3 Rxe3 36. Rxe3 Rd2+ 37. Kf3 {White resigns}
0-1

[Event "ICC tourney 2782 (30 10)"]
[Site "Internet Chess Club"]
[Date "2022.01.02"]
[Round "5"]
[White "LAVALLEE, MOLLY:mollysun323"]
[Black "RAVINUTALA, VIVEK:vivek2009"]
[Result "0-1"]
[ICCResult "White resigns"]
[WhiteElo "826"]
[BlackElo "1126"]
[Opening "Scandinavian defense"]
[ECO "B01"]
[NIC "SD.03"]
[Time "20:00:08"]
[PlyCount "116"]
[TimeControl "1800+10"]

1. e4 d5 2. exd5 Nf6 3. Nc3 Nxd5 4. Nxd5 Qxd5 5. d4 Nc6 6. Nf3 Bg4 7. Be2
O-O-O 8. Be3 e5 9. Nxe5 Bxe2 10. c4 Qxe5 11. Qxe2 Bb4+ 12. Kf1 Nxd4 13. Qg4+
f5 14. Bxd4 Rxd4 15. Qe2 Re8 16. Qxe5 Rxe5 17. a3 Bd6 18. b4 Rxc4 19. g3 g5
20. Kg2 Re2 21. h4 gxh4 22. Rxh4 Rxh4 23. gxh4 Be7 24. h5 Re4 25. f3 Rh4 26.
Re1 Bd6 27. Re8+ Kd7 28. Rg8 Rxh5 29. Rg7+ Kc6 30. Kf2 a5 31. bxa5 Bxa3 32.
f4 Rh6 33. Rf7 Rh5 34. Rf6+ Kb5 35. Rf7 Bd6 36. Kf3 Kxa5 37. Ke3 b5 38. Kd3
Bxf4 39. Rf8 Kb4 40. Rd8 Rh3+ 41. Ke2 Kc4 42. Rf8 Re3+ 43. Kf2 Re5 44. Rf7
c5 45. Rxh7 b4 46. Rh4 Re4 47. Kf3 b3 48. Rxf4 Rxf4+ 49. Kxf4 b2 50. Kxf5
b1=Q+ 51. Ke5 Kb3 52. Kd5 c4 53. Kd4 c3 54. Kc5 c2 55. Kd4 c1=Q 56. Kd5 Qbc2
57. Kd4 Q2d2+ 58. Ke5 Qce1+ {White resigns} 0-1

[Event "ICC tourney 2782 (30 10)"]
[Site "Internet Chess Club"]
[Date "2022.01.02"]
[Round "5"]
[White "HAO, RYAN:Ryan334"]
[Black "HELLER, JACK G:Maximusiv"]
[Result "0-1"]
[ICCResult "White checkmated"]
[WhiteElo "679"]
[BlackElo "873"]
[Opening "Scandinavian defense"]
[ECO "B01"]
[NIC "SD.03"]
[Time "20:00:17"]
[PlyCount "124"]
[TimeControl "1800+10"]

1. e4 d5 2. exd5 Nf6 3. Nc3 Nxd5 4. Bc4 Nxc3 5. bxc3 Bf5 6. Nf3 e6 7. O-O
Bd6 8. d3 O-O 9. Ng5 Qf6 10. d4 Qg6 11. Bd3 h6 12. Bxf5 Qxf5 13. Nf3 Nd7 14.
c4 c6 15. c5 Bc7 16. Rb1 b6 17. cxb6 axb6 18. Ra1 Nf6 19. Qd3 Qh5 20. Ba3
Rfd8 21. Be7 Rd5 22. Bxf6 gxf6 23. Qc3 Rf5 24. h3 Qg6 25. Qxc6 Raa5 26. Nh4
Qh5 27. Nxf5 Rxf5 28. Qxc7 Rg5 29. Qd8+ Kg7 30. Qxb6 Qxh3 31. Qb7 f5 32.
Rfe1 f4 33. Kf1 Qh1+ 34. Ke2 Qh5+ 35. Qf3 Qg6 36. Qd3 Qh5+ 37. Qf3 Qg6 38.
Qxf4 Rxg2 39. Qf5 Qxf5 40. a4 Qxc2+ 41. Ke3 Rxf2 42. Rg1+ Kf6 43. Rgf1 Qd2+
44. Ke4 Qf4+ 45. Kd3 Rxf1 46. Rxf1 Qxf1+ 47. Kc3 Qb1 48. a5 Qb5 49. a6 Qxa6
50. Kd2 Qa3 51. d5 exd5 52. Kc2 Ke5 53. Kb1 Qb3+ 54. Ka1 Qa3+ 55. Kb1 Kd4
56. Kc2 Qc3+ 57. Kd1 Qb2 58. Ke1 Kd3 59. Kf1 Ke3 60. Kg1 Kf3 61. Kh1 Kg3 62.
Kg1 Qb1# {White checkmated} 0-1

[Event "ICC tourney 2782 (30 10)"]
[Site "Internet Chess Club"]
[Date "2022.01.02"]
[Round "5"]
[White "PADIYAR, SUNMAY:sunmay12"]
[Black "SALIL, AARAV:Jaguarking"]
[Result "0-1"]
[ICCResult "White checkmated"]
[WhiteElo "1369"]
[BlackElo "1214"]
[Opening "Three knights game"]
[ECO "C46"]
[NIC "KP.06"]
[Time "20:00:09"]
[PlyCount "86"]
[TimeControl "1800+10"]

1. e4 e5 2. Nf3 Nc6 3. Nc3 Bc5 4. Nxe5 Nxe5 5. d4 Bb4 6. dxe5 Bxc3+ 7. bxc3
Qe7 8. Qd5 f6 9. Bc4 fxe5 10. O-O Nf6 11. Qd3 h6 12. f4 d6 13. Ba3 a6 14.
Rae1 b5 15. Bd5 Rb8 16. fxe5 Qxe5 17. Bc6+ Kd8 18. h3 Rb6 19. Bd5 Re8 20.
Bc1 Nxd5 21. exd5 Qxe1 22. Rxe1 Rxe1+ 23. Kf2 Rxc1 24. Qh7 c6 25. Qg8+ Kc7
26. Qxg7+ Kb8 27. Qxh6 Rxc2+ 28. Kg1 cxd5 29. Qe3 Rc6 30. Qd3 R2xc3 31. Qxd5
R3c5 32. Qg8 Ka7 33. h4 Bb7 34. Qe6 Rc1+ 35. Kh2 R6c2 36. Qe3+ Rc5 37. g4
Rc2+ 38. Kg1 Kb8 39. g5 Rc1+ 40. Kh2 R5c2+ 41. Kg3 Rg2+ 42. Kf4 Rf1+ 43. Qf3
Rxf3# {White checkmated} 0-1

[Event "ICC tourney 2782 (30 10)"]
[Site "Internet Chess Club"]
[Date "2022.01.02"]
[Round "5"]
[White "Wadhwa, Tejas:WinPeps"]
[Black "MADSEN, STUART:gmstuartscott"]
[Result "1-0"]
[ICCResult "Black forfeits on time"]
[WhiteElo "680"]
[BlackElo "717"]
[Opening "Two knights defense (Modern bishop's opening)"]
[ECO "C55"]
[NIC "IG.01"]
[Time "20:00:15"]
[PlyCount "65"]
[TimeControl "1800+10"]

1. e4 e5 2. Nf3 Nc6 3. Bc4 Nf6 4. d3 h6 5. Nc3 d6 6. h3 Be7 7. Be3 a6 8. O-O
b5 9. Bb3 O-O 10. a4 b4 11. Nd5 Nxd5 12. Bxd5 Bb7 13. Qd2 a5 14. c3 b3 15.
Ra3 Rb8 16. Rxb3 Ba8 17. Qc2 Kh8 18. d4 f6 19. Nh4 Qe8 20. Rxb8 Nxb8 21.
Bxa8 Qh5 22. Nf5 c6 23. Nxe7 Qe8 24. Nf5 Qg6 25. Nxd6 Rd8 26. Nc4 exd4 27.
cxd4 Qh5 28. Nb6 Qh4 29. Bxc6 Nxc6 30. Qxc6 f5 31. exf5 Qh5 32. Qg6 Qe2 33.
Rc1 {Black forfeits on time} 1-0

[Event "ICC tourney 2782 (30 10)"]
[Site "Internet Chess Club"]
[Date "2022.01.02"]
[Round "5"]
[White "AKULA, MAHIT:Judtyr123"]
[Black "Kale, Shubham:shubham07"]
[Result "0-1"]
[ICCResult "White checkmated"]
[WhiteElo "1193"]
[BlackElo "1333"]
[Opening "Modern defense: Averbakh system"]
[ECO "B06"]
[NIC "KF.04"]
[Time "20:00:16"]
[PlyCount "110"]
[TimeControl "1800+10"]

1. e4 g6 2. d4 Bg7 3. c4 d6 4. Nc3 a6 5. Nf3 Nd7 6. Be3 b6 7. Be2 c5 8. O-O
cxd4 9. Nxd4 Bb7 10. Qd2 Ngf6 11. f3 O-O 12. Bh6 Rc8 13. Bxg7 Kxg7 14. Rac1
e5 15. Nb3 Nc5 16. Rfd1 Ne8 17. Nxc5 bxc5 18. a3 f5 19. exf5 Rxf5 20. Bd3
Rf8 21. Ne4 Bxe4 22. Bxe4 Rf4 23. g3 Rf6 24. b4 Qc7 25. b5 axb5 26. cxb5 Rb8
27. Bc6 Qa7 28. Qe3 Nc7 29. Rb1 Ne8 30. Qb3 Qb6 31. a4 c4+ 32. Kh1 cxb3 33.
Rxb3 Rc8 34. Rbd3 Rxc6 35. bxc6 Qxc6 36. Rf1 Qxa4 37. Rc3 e4 38. f4 d5 39.
Rfc1 e3 40. Rxe3 d4 41. Rd3 Qa8+ 42. Kg1 Qe4 43. Rcd1 Rd6 44. h3 Nf6 45.
R3d2 Qe3+ 46. Kh2 Ne4 47. Rg2 d3 48. h4 d2 49. Kh3 Nf2+ 50. Kh2 Nxd1 51. Rg1
Qxg1+ 52. Kxg1 Ne3 53. Kh2 d1=Q 54. f5 Rd2+ 55. Kh3 Qh1# {White checkmated}
0-1

[Event "ICC tourney 2782 (30 10)"]
[Site "Internet Chess Club"]
[Date "2022.01.02"]
[Round "5"]
[White "Mukku, Vishnu:psuedonerd123"]
[Black "WAREKAR, AARNA:aarnawarekar"]
[Result "1/2-1/2"]
[ICCResult "Black stalemated"]
[WhiteElo "725"]
[BlackElo "930"]
[Opening "Caro-Kann defense"]
[ECO "B12"]
[NIC "CK.01"]
[Time "20:00:19"]
[PlyCount "179"]
[TimeControl "1800+10"]

1. e4 c6 2. d4 d6 3. c4 Qc7 4. Nc3 e5 5. d5 Nf6 6. Nf3 Be7 7. h3 Nbd7 8. Be2
Nf8 9. Be3 Ng6 10. O-O O-O 11. Qd2 Bd7 12. Rac1 Rac8 13. a3 Rfe8 14. Rfd1
Qb8 15. b4 b6 16. c5 dxc5 17. d6 Bf8 18. bxc5 bxc5 19. Bxc5 Rcd8 20. Rb1 Qa8
21. Ba6 Rb8 22. Qe3 Rxb1 23. Rxb1 Rd8 24. Bb7 Qb8 25. Bxc6 Qc8 26. Bxd7 Rxd7
27. Rd1 Qa6 28. Qd3 Qc6 29. Bb4 Nf4 30. Qb5 Qxb5 31. Nxb5 Nxe4 32. Nxe5 Rb7
33. d7 Ne6 34. Bxf8 Kxf8 35. d8=Q+ Nxd8 36. Rxd8+ Ke7 37. Nc6+ Ke6 38. Nbd4+
Kf6 39. Ra8 Rb1+ 40. Kh2 Nxf2 41. Rxa7 Ne4 42. a4 Ra1 43. a5 g5 44. a6 h5
45. Ra8 h4 46. Nf3 Nf2 47. Ng1 g4 48. hxg4 Nxg4+ 49. Kh3 Nf2+ 50. Kxh4 Rxg1
51. a7 Rh1+ 52. Kg3 Ne4+ 53. Kf4 Rh4+ 54. Ke3 Nd6 55. Rb8 Nf5+ 56. Kd3 Ra4
57. a8=Q Rxa8 58. Rxa8 Ng3 59. Ra6 Kg5 60. Ra5+ Kf6 61. Nd4 Kg6 62. Nf3 Nh5
63. Rxh5 Kxh5 64. Ke3 Kg4 65. Kf2 f6 66. Nh2+ Kg5 67. Kg3 f5 68. Nf3+ Kf6
69. Nh4 Kg5 70. Nxf5 Kxf5 71. Kh4 Kg6 72. Kg4 Kf6 73. Kh5 Kg7 74. Kg5 Kg8
75. g4 Kg7 76. Kh5 Kh7 77. Kg5 Kg7 78. Kf5 Kf7 79. g5 Kg7 80. Kg4 Kg6 81.
Kh4 Kg7 82. Kh5 Kh7 83. g6+ Kg7 84. Kg5 Kg8 85. Kf6 Kf8 86. Kg5 Kg7 87. Kh5
Kg8 88. Kh6 Kh8 89. g7+ Kg8 90. Kg6 {Black stalemated} 1/2-1/2

[Event "ICC tourney 2782 (30 10)"]
[Site "Internet Chess Club"]
[Date "2022.01.02"]
[Round "5"]
[White "SAUL, BRUCE H:Bdevil81"]
[Black "YENIGALLA, MANAS:K06-30081118"]
[Result "1-0"]
[ICCResult "Black checkmated"]
[WhiteElo "1223"]
[BlackElo "521"]
[Opening "King's Indian: fianchetto without c4"]
[ECO "A49"]
[NIC "QP.06"]
[Time "20:00:31"]
[PlyCount "121"]
[TimeControl "1800+10"]

1. d4 Nf6 2. Nf3 g6 3. g3 d5 4. Bg2 c5 5. O-O Nc6 6. dxc5 e5 7. c3 Bg7 8. b4
O-O 9. Bb2 e4 10. Nd4 Nxd4 11. cxd4 Bf5 12. e3 Qd7 13. Nd2 Bh3 14. a4 Rac8
15. Rc1 Bg4 16. Qb3 Bh3 17. b5 Bg4 18. Ba3 Rfd8 19. Rc3 Rc7 20. Rfc1 Rdc8
21. Qc2 Bf8 22. Bb2 Qe8 23. Qb3 Qe6 24. b6 axb6 25. Qxb6 Qxb6 26. cxb6 Rxc3
27. Rxc3 Rxc3 28. Bxc3 Be7 29. Nb3 Kf8 30. Nc5 Bc8 31. Bf1 Nd7 32. Nxd7+
Bxd7 33. a5 Bc8 34. Bb5 Bd8 35. Kf1 Ke7 36. Bb4+ Ke6 37. Ke2 Be7 38. Bxe7
Kxe7 39. Kd2 Kd6 40. h4 Bd7 41. Bxd7 Kxd7 42. Kc3 Kc6 43. Kb4 f6 44. g4 h5
45. gxh5 gxh5 46. Ka4 f5 47. Kb4 Kd7 48. Kb5 Kd6 49. a6 bxa6+ 50. Kxa6 Ke6
51. b7 Kf6 52. b8=Q Kg6 53. Qe5 Kh6 54. Qxf5 Kg7 55. Qxd5 Kg6 56. Qxe4+ Kh6
57. d5 Kg7 58. d6 Kf6 59. d7 Kg7 60. d8=Q Kh6 61. Qf6# {Black checkmated}
1-0

[Event "ICC tourney 2782 (30 10)"]
[Site "Internet Chess Club"]
[Date "2022.01.02"]
[Round "5"]
[White "HAMLETT, JAMES MORRISON:Hamlett144"]
[Black "BAREKET, NIMROD:nb12"]
[Result "1-0"]
[ICCResult "Black resigns"]
[WhiteElo "1276"]
[BlackElo "1191"]
[Opening "Giuoco Piano"]
[ECO "C50"]
[NIC "IG.02"]
[Time "20:01:03"]
[PlyCount "121"]
[TimeControl "1800+10"]

1. e4 e5 2. Nf3 Nc6 3. Bc4 Bc5 4. O-O Nf6 5. c3 d6 6. d4 exd4 7. cxd4 Bb6 8.
Nc3 Bg4 9. Be3 O-O 10. h3 Bxf3 11. gxf3 Qd7 12. Kh2 Rad8 13. Rg1 Na5 14. Bb5
c6 15. Bd3 c5 16. Bb5 Qe6 17. d5 Qe5+ 18. f4 Qh5 19. f3 a6 20. Rg5 Qh4 21.
Be2 Bc7 22. Qg1 g6 23. f5 b5 24. fxg6 fxg6 25. Rf5 Nd7 26. Bg5 Qh5 27. Bxd8
Rxf5 28. exf5 Bxd8 29. fxg6 hxg6 30. Qg4 Qxg4 31. fxg4 Ne5 32. Rf1 Kg7 33.
Ne4 Be7 34. Kg3 c4 35. h4 Nb7 36. g5 a5 37. Nf6 Nc5 38. Ne8+ Kg8 39. Nc7 b4
40. Ne6 Ncd3 41. Bxd3 Nxd3 42. Nf4 Nxb2 43. Nxg6 Bxg5 44. hxg5 c3 45. Nf4
Nc4 46. Nd3 Ne3 47. Rf6 Nxd5 48. Rxd6 Ne3 49. Ra6 Nc4 50. Kf2 Nb2 51. Nc1
Nc4 52. Ke2 Kg7 53. Kd3 Nb2+ 54. Kc2 a4 55. Ne2 a3 56. Nf4 Nc4 57. Kb3 Ne3
58. Nd3 Nc2 59. Nxb4 Nxb4 60. Kxb4 c2 61. Rc6 {Black resigns} 1-0

[Event "ICC tourney 2782 (30 10)"]
[Site "Internet Chess Club"]
[Date "2022.01.02"]
[Round "5"]
[White "ARMBRUSTER, THOMAS E:TE47Armbruster"]
[Black "S VARANASI, RUTHWIK:K03-30145457"]
[Result "1/2-1/2"]
[ICCResult "Game drawn because neither player has mating material"]
[WhiteElo "1248"]
[BlackElo "429"]
[Opening "King's Indian defense"]
[ECO "E60"]
[NIC "KI.80"]
[Time "20:00:19"]
[PlyCount "162"]
[TimeControl "1800+10"]

1. d4 Nf6 2. c4 g6 3. e4 Nxe4 4. Nc3 Nxc3 5. bxc3 Bg7 6. Nf3 d5 7. Rb1 Bf5
8. Rxb7 dxc4 9. Bxc4 Be4 10. Rb2 c5 11. O-O cxd4 12. Ng5 Bd5 13. Bxd5 Qxd5
14. Nf3 O-O 15. cxd4 Rd8 16. Be3 Nc6 17. Rd2 Rab8 18. Ne5 Rb4 19. Nxc6 Qxc6
20. d5 Qd6 21. Bxa7 Rb7 22. Be3 Rbd7 23. a4 Ra8 24. Ra2 Qxd5 25. Qxd5 Rxd5
26. g3 Bd4 27. Bxd4 Rxd4 28. a5 Rd6 29. Rb1 Rda6 30. Rb5 Kg7 31. Kg2 Kf6 32.
f4 e6 33. Kf3 Ke7 34. Ke4 Kd6 35. Rb7 f5+ 36. Kd4 Rxa5 37. Rxa5 Rxa5 38.
Rxh7 Ra4+ 39. Ke3 Ra3+ 40. Kf2 Ra2+ 41. Kg1 e5 42. fxe5+ Kxe5 43. Rg7 Kf6
44. Rb7 Kg5 45. Rb6 Kh5 46. Rc6 Ra4 47. Kg2 g5 48. Rc5 Ra2+ 49. Kg1 Kg4 50.
Rc4+ f4 51. gxf4 gxf4 52. h4 Kxh4 53. Rxf4+ Kg3 54. Rf1 Rg2+ 55. Kh1 Re2 56.
Rg1+ Kh3 57. Rf1 Rh2+ 58. Kg1 Rg2+ 59. Kh1 Ra2 60. Rf3+ Kg4 61. Rf1 Kh3 62.
Rf3+ Kg4 63. Rf1 Kg3 64. Rg1+ Kh3 65. Rf1 Rh2+ 66. Kg1 Rg2+ 67. Kh1 Kg3 68.
Re1 Rh2+ 69. Kg1 Ra2 70. Re3+ Kf4 71. Re1 Kf3 72. Rf1+ Kg3 73. Re1 Kf3 74.
Rf1+ Ke3 75. Re1+ Kd2 76. Rf1 Ke3 77. Re1+ Kd2 78. Rf1 Kc3 79. Rf3+ Kb2 80.
Rf2+ Kb3 81. Rxa2 Kxa2 {Game drawn because neither player has mating
material} 1/2-1/2